 Dungeon Crawl Stone Soup version 0.27-a0-931-g5a74e75d8f (webtiles) character file.

Game seed: 11810847980180350503

33 Alarkh the Insei (level 3, 24/28 HPs)
             Began as a Demonspawn Gladiator on Apr 10, 2021.
             Got out of the dungeon alive.
             The game lasted 00:01:52 (1776 turns).

Alarkh the Insei (Demonspawn Gladiator)             Turns: 1776, Time: 00:01:52

Health: 24/28      AC:  4    Str: 14    XL:     3   Next: 12%
Magic:  3/3        EV: 12    Int: 10    God:
Gold:   42         SH:  0    Dex: 14    Spells: 2/2 levels left

rFire    . . .     SeeInvis .     - Unarmed
rCold    . . .     Faith    .   (no shield)
rNeg     . . .     Spirit   .   a - +0 leather armour
rPois    .         Reflect  .   b - +0 helmet
rElec    .         Harm     .   (no cloak)
rCorr    .         Rampage  .   (no gloves)
Will     .....                  (no boots)
Stlth    +.........             (no amulet)
HPRegen  0.09/turn              (no ring)
MPRegen  0.08/turn              (no ring)

@: no status effects
A: claws 1, foul stench 1
a: no special abilities


You escaped.
You visited 1 branch of the dungeon, and saw 2 of its levels.

You collected 42 gold pieces.

Inventory:

Missiles
 c - 3 throwing nets (quivered)
Armour
 a - a +0 leather armour (worn)
 b - a +0 helmet (worn)
Scrolls
 d - 5 scrolls of identify {unknown}
 e - a scroll of acquirement {unknown}
 f - a scroll of magic mapping {unknown}
 g - a scroll of immolation {unknown}
Potions
 h - a potion of might {unknown}


   Skills:
 + Level 2.6 Fighting
 - Level 1.7 Throwing
 - Level 2.6 Dodging
 * Level 3.5 Unarmed Combat


You had 2 spell levels left.
You didn't know any spells.
Your spell library contained the following spells:

 Spells                   Type           Power      Damage    Failure   Level
 Pain                     Necr           0%         1d4       43%         1
 Sublimation of Blood     Necr           0%         N/A       58%         2
 Borgnjor's Vile Clutch   Necr/Erth      0%         N/A       100%        5
 Excruciating Wounds      Necr           0%         N/A       100%        5


Dungeon Overview and Level Annotations

Branches:
Dungeon (2/15)

Altars:


Innate Abilities, Weirdness & Mutations

You have sharp fingernails.
You may rarely emit foul miasma when damaged in melee.


Message History

The jackal is severely wounded.
The jackal bites you but does no damage.
The jackal closely misses you.
You closely miss the jackal.
The jackal is severely wounded.
The jackal barely misses you.
You closely miss the jackal.
The jackal is severely wounded.
The jackal barely misses you.
You scratch the jackal.
You kill the jackal!
The jackal barely misses you.
You have reached level 3!
Your experience leads to an increase in your attributes!
Increase (S)trength, (I)ntelligence, or (D)exterity?
You feel clever.
Your demonic ancestry asserts itself...
You begin to emit a foul stench of rot and decay.
You scratch the jackal.
You kill the jackal!
You claw the worm!
The worm is moderately wounded.
You scratch the worm.
The worm is heavily wounded.
The worm barely misses you.
You claw the worm!
The worm is almost dead.
You scratch the worm.
You kill the worm!
Things that are here:
a worm corpse; a jackal corpse
There is a stone staircase leading down here.
There is a stone staircase leading up here.
You climb upwards.
There is a stone staircase leading down here.
HP restored.
You enter the shallow water.
Moving in this stuff is going to be slow.
There is a staircase leading out of the dungeon here.
Are you sure you want to leave the Dungeon?
This will make you lose the game!
You have escaped!

######.#...##..#..≈≈..# #.#.#P..
#......##...#.≈..≈≈≈≈.# #.#####.
##.#######....≈≈.≈.≈≈≈≈###.# #.
........##....≈≈≈≈≈.≈.≈.##.# ###
##.####.##...≈≈≈≈≈≈≈...###.####.#
#.#_...###.≈≈≈≈≈≈≈.≈.####......#
#.#.##...#..≈≈≈≈≈≈≈..#)#########
#.#..#...#.≈≈≈..≈≈.≈.#.#......##
#.#..#...#.≈≈..@≈.≈≈...#.####.##
#.##.#.###≈≈.≈...≈≈≈.###.####.#.
#.##.#.# #..≈≈≈.≈≈≈≈.# #.#......
#.##.#.####.≈≈≈≈≈≈≈..###.#.###..
#.#....##.#).≈≈≈≈.....##.#.# #..
#.#..#.##.≈..≈≈≈≈≈.#.###.#.#####
#.#..#.##...≈.≈≈≈≈.##.##.#......
#.####.#..#.....≈≈...###.#######
#......#...#...#..≈..[##......).


There were no monsters in sight!

Vanquished Creatures
  A worm (D:2)
  A ball python (D:1)
  2 endoplasms
  4 goblins (D:1)
  A hobgoblin (D:1)
  7 jackals
  3 bats
  A frilled lizard (D:1)
  3 kobolds (D:1)
  5 rats (D:1)
28 creatures vanquished.

Notes
Turn   | Place    | Note
-------+----------+-------------------------------------------
     0 | D:1      | Alarkh the Demonspawn Gladiator began the quest for the
                  | Orb.
     0 | D:1      | Reached XP level 1. HP: 16/16 MP: 1/1
   209 | D:1      | Reached skill level 3 in Unarmed Combat
   511 | D:1      | Gained mutation: You have sharp fingernails. [demonic
                  | ancestry]
   511 | D:1      | Reached XP level 2. HP: 18/22 MP: 2/2
   804 | D:1      | Found a faded altar of an unknown god.
  1567 | D:2      | Identified the Collected Works on Unholy Rites
  1658 | D:2      | Gained mutation: You may rarely emit foul miasma when
                  | damaged in melee. [demonic ancestry]
  1658 | D:2      | Reached XP level 3. HP: 13/28 MP: 3/3
  1776 | D:$      | Got out of the dungeon alive.

Illustrated notes

Levels and vault maps discovered:
D:1:      dpeg_arrival_subterranean_lakeside_camping, layout_basic,
          basic_ecumenical_altar, minmay_shallow_snake_nest
D:2:      wad_crossroads, layout_rooms

Skill      XL: |  1 |
---------------+----+-----
Unarmed Combat | 3 |  3.5
Fighting       | |  2.6
Throwing       | |  1.7
Dodging        | |  2.6

Action                   || total
-------------------------++-------
Melee: Unarmed           ||   110
       Punch             ||     1
Armor: Leather armour    ||    54
Dodge: Dodged            ||    82

Table legend: (Time is in decaauts)
 A = Elapsed time spent in this place.
 B = Non-inter-level travel time spent in this place.
 C = Inter-level travel time spent in this place.
 D = Time resting spent in this place.
 E = Time spent auto-exploring this place.
 F = Levels seen in this place.
 G = Mean time per level.
                   A        B        C        D        E       F      G
               +--------+--------+--------+--------+--------+-----+--------+
         Total |   1780 |   1634 |    146 |    292 |   1136 |   2 |  890.0 |
       Dungeon |   1780 |   1634 |    146 |    292 |   1136 |   2 |  890.0 |
               +--------+--------+--------+--------+--------+-----+--------+

Top non-repeatable levels by time:
     D:1: 1636 daAuts
     D:2: 144 daAuts
